 Dungeon Crawl Stone Soup version 0.18.1-5-g4a78601 (console) character file.

378 2d6 the Charlatan (level 7, -2/41 HPs)
             Began as a Kobold Artificer on May 14, 2016.
             Shot with an arrow by a centaur (14 damage)
             ... on level 5 of the Dungeon.
             The game lasted 00:26:22 (5209 turns).

2d6 the Charlatan (Kobold Artificer)                Turns: 5209, Time: 00:26:23

Health: -2/41      AC:  3    Str: 15    XL:     7   Next: 4%
Magic:  10/10      EV: 16    Int: 10    God:
Gold:   144        SH:  6    Dex: 18    Spells: 0 memorised, 6 levels left

rFire  . . .     SeeInvis .     h - +0 hand axe
rCold  . . .     Gourm    .     b - +0 leather armour
rNeg   . . .     Faith    .     m - +1 buckler
rPois  .         Spirit   .     (no helmet)
rElec  .         Dismiss  .     (no cloak)
rCorr  .         Reflect  .     (no gloves)
SustAt .         Harm     .     (no boots)
MR     .....                    (no amulet)
Stlth  ++........               (no ring)
                                F - +5 ring of strength

@: not resistant to hostile enchantments, unstealthy
A: carnivore 3
a: no special abilities


You were on level 5 of the Dungeon.
You were very full.

You visited 1 branch of the dungeon, and saw 5 of its levels.

You collected 144 gold pieces.

Inventory:

Hand Weapons
 a - a +0 short sword
 h - a +0 hand axe (weapon)
 j - a +0 spear
 l - a +0 club
 n - a +0 vampiric dagger
 y - a +0 war axe
Missiles
 g - 51 sling bullets
 o - 7 curare-tipped needles
 p - 92 stones (quivered)
Armour
 b - a +0 leather armour (worn)
 m - a +1 buckler (worn)
 r - a +0 chain mail
 s - a +0 robe
Jewellery
 F - a +5 ring of strength (left hand)
Wands
 c - a wand of flame (3/48)
 d - a wand of enslavement (11/24)
 e - a wand of random effects (14/48)
Scrolls
 i - 4 scrolls of identify
 k - a scroll of random uselessness {unknown}
 v - a scroll of enchant armour
 B - a scroll of fog {unknown}
 C - a scroll of noise {unknown}
 D - 2 scrolls of remove curse
Potions
 q - a potion of agility
 t - a potion of haste {unknown}
 u - a potion of heal wounds {unknown}
 w - a potion of ambrosia {unknown}
 z - a potion of mutation {unknown}
 A - 2 potions of curing {unknown}
 E - a potion of brilliance {unknown}
Comestibles
 f - 3 meat rations
 x - a slice of pizza


   Skills:
 + Level 3.3 Fighting
 - Level 1.3 Short Blades
 * Level 2.6 Axes
 - Level 2.1 Throwing
 + Level 4.0 Dodging
 + Level 3.0 Stealth
 - Level 1.0 Shields
 + Level 4.5 Evocations


You had 6 spell levels left.
You didn't know any spells.

Dungeon Overview and Level Annotations

Branches:
Dungeon (5/15)
 Temple: D:4-7

Altars:
Elyvilon
Makhleb
Trog


Innate Abilities, Weirdness & Mutations

You are small and have problems with some larger weapons.
You are carnivorous and can eat meat at any time.


Message History

r - Retreat! s - Stop attacking. w - Wait here. f - Follow me.
Anything else - Stay silent.
Gang up on whom?
Press: ? - help, Dir - move target cursor, f - phantom, p - wyvern
Aim: a phantom Attack!
The phantom hits you.
A centaur comes into view.
Your wyvern bites the phantom.
The centaur wields a shortbow.
The centaur shoots an arrow.
The arrow barely misses you.
Your wyvern barely misses the phantom.
You see here an arrow.
The centaur shoots an arrow.
The arrow hits you!
* * * LOW HITPOINT WARNING * * *
Your wyvern bites the phantom!
You see here an arrow.
Drink which item? (? for menu, Esc to quit)
Okay, then.
The centaur shoots an arrow.
The arrow hits you!
You die...

#...#. #.....
##########
#<..##
##.......c.
######
##<.......##
####
#..........#
#...
#..†.......#
#..##
#..........#
#... #
#......@...#
..$# #
#....>lW(..##..
.# #
##.....(......#
#
#..........####
#..........#
#..........#
#..........#
#..........#
##........##


You could see a phantom, a centaur and a friendly wyvern.

Vanquished Creatures
  The ghost of kotomi the Magician, an amateur DEFE of Vehumet (D:4)
  A hound (D:4)
  An orc priest (D:3)
  An orc wizard (D:3)
  3 adders
  A shadow imp (D:5)
  An adder skeleton (D:3)
  3 worms
  4 dart slugs
  6 giant geckos
  9 orcs (D:3)
  6 bats
  4 giant cockroaches
  10 goblins
  12 hobgoblins
  2 jackals (D:2)
  11 kobolds
  2 ball pythons
  4 giant newts
  9 rats
91 creatures vanquished.

Vanquished Creatures (collateral kills)
  A crimson imp (D:5)
  An iguana (D:5)
  An ooze (D:5)
  An orc (D:3)
4 creatures vanquished.

Grand Total: 95 creatures vanquished

Notes
Turn   | Place    | Note
--------------------------------------------------------------
     0 | D:1      | 2d6 the Kobold Artificer began the quest for the Orb.
     0 | D:1      | Reached XP level 1. HP: 12/12 MP: 3/3
   198 | D:1      | Reached XP level 2. HP: 14/16 MP: 4/4
   243 | D:1      | Reached skill level 1 in Axes
   470 | D:1      | Reached XP level 3. HP: 10/21 MP: 5/5
  1343 | D:1      | Reached skill level 1 in Throwing
  1520 | D:2      | Reached XP level 4. HP: 18/26 MP: 6/6
  1725 | D:2      | Found a white marble altar of Elyvilon.
  2402 | D:2      | Found a burning altar of Makhleb.
  2937 | D:3      | Reached XP level 5. HP: 31/31 MP: 8/8
  3499 | D:3      | Found a bloodstained altar of Trog.
  3502 | D:3      | Reached skill level 1 in Shields
  4244 | D:3      | Reached XP level 6. HP: 11/37 MP: 9/9
  4650 | D:4      | Noticed kotomi's ghost (amateur DEFE)
  4657 | D:4      | Noticed an ogre
  4658 | D:4      | Killed kotomi's ghost
  4661 | D:5      | Entered Level 5 of the Dungeon
  4789 | D:5      | Noticed an ice beast
  4837 | D:4      | Noticed a phantom
  5180 | D:4      | Noticed a wyvern
  5196 | D:5      | Noticed a phantom
  5198 | D:5      | Reached XP level 7. HP: 30/41 MP: 10/10
  5209 | D:5      | Shot with an arrow by a centaur

Skill      XL: |  1  2  3  4  5  6  7 |
---------------+----------------------+-----
Axes           | 1 2 |  2.6
Fighting       | 2 3 |  3.3
Throwing       | 1 2 |  2.1
Dodging        | 3 4 |  4.0
Stealth        | 2 3 |  3.0
Evocations     | 4 |  4.5
Shields        | 1 |  1.0
Short Blades   | |  1.3

Action                   |  1- 3 |  4- 6 |  7- 9 || total
-------------------------+-------+-------+-------++-------
Melee: Hand axe          |   110 |   265 |       ||   375
Throw: Stone             |     6 |    19 |       ||    25
Evoke: Wand              |       |    17 |       ||    17
  Use: Scroll            |       |     6 |       ||     6
       Potion            |       |     1 |       ||     1
 Stab: Sleeping          |     2 |     6 |       ||     8
  Eat: Chunk             |    10 |    11 |       ||    21
Armor: Leather armour    |    34 |    28 |       ||    62
Dodge: Dodged            |    95 |   184 |     3 ||   282
Block: Buckler           |     7 |    49 |     2 ||    58
